 Dungeon Sprint DCSS version 0.28-a0-1395-g4f6bc678fa (webtiles) character file.

Game seed: 5737912996330523689

14680 rocky1 the Fencer (level 11, -18/112 HPs)
             Began as a Minotaur Fighter on Jan 5, 2022.
             Was an Initiate of Gozag.
             Demolished by an azure jelly (44 damage)
             ... in the Dungeon (Sprint VII: "The Pits").
             The game lasted 00:13:56 (3526 turns).

rocky1 the Fencer (Minotaur Fighter)                Turns: 3526, Time: 00:13:56

Health: -18/112    AC: 21    Str: 27    XL:     11   Next: 91%
Magic:  10/10      EV: 15    Int:  5    God:    Gozag
Gold:   4655       SH:  5    Dex: 14    Spells: 10/10 levels left

rFire   . . .      SeeInvis .   u - +2 war axe (freeze)
rCold   . . .      Faith    .   c - +0 buckler
rNeg    . . .      Spirit   .   t - +4 chain mail
rPois   .          Reflect  .   (helmet restricted)
rElec   .          Harm     .   (no cloak)
rCorr   .          Rampage  .   r - +0 pair of gloves
Will    .....      NoTele   +   v - +0 pair of boots
Stlth   ..........              (no amulet)
HPRegen 0.28/turn               o - +3 ring of strength
MPRegen 0.12/turn               p - +3 ring of dexterity

@: mighty, gold aura, slowed, studying Slings, very slow
A: horns 2, retaliatory headbutt
a: Renounce Religion, Potion Petition, Call Merchant, Bribe Branch


You were in the Dungeon.
You worshipped Gozag.
Gozag was most pleased with you.
You visited 1 branch You collected 8262 gold pieces.
You spent 2375 gold pieces at shops.
You paid 1232 gold pieces to Gozag.

Inventory:

Hand Weapons
 n - a +1 long sword of flaming
 s - a +2 vorpal scimitar
 u - a +2 war axe of freezing (weapon)
 w - a +2 vorpal morningstar
Missiles
 x - a throwing net (quivered)
 F - a curare-tipped dart
Armour
 c - a +0 buckler (worn)
 r - a +0 pair of gloves (worn)
 t - a +4 chain mail (worn)
 v - a +0 pair of boots (worn)
 D - an orb of energy
 E - the +0 plate armour of Wuett {*Corrode rF+ Slay+3}
   (You bought it in a shop in the Dungeon)

   Slay:      It affects your accuracy & damage with ranged weapons and melee
   (+3).
   rF:        It protects you from fire.
   *Corrode:  It may corrode you when you take damage.
Jewellery
 o - a +3 ring of strength (left hand)
 p - a +3 ring of dexterity (right hand)
 A - a ring of poison resistance
 C - a ring of protection from cold
Scrolls
 j - 3 scrolls of blinking
 l - 5 scrolls of amnesia
 m - a scroll of summoning
 y - 5 scrolls of identify
 z - a scroll of fear
 B - 2 scrolls of fog
Potions
 a - 4 potions of mutation
 b - a potion of attraction
 d - 4 potions of might
 e - 11 potions of curing
 f - 8 potions of heal wounds
 g - 2 potions of haste
 h - 4 potions of magic
 i - 4 potions of berserk rage
 k - 2 potions of invisibility
 q - 3 potions of brilliance


   Skills:
 + Level 15.1 Fighting
 - Level 16.9 Long Blades
 + Level 13.3(15.5) Axes
 + Level 13.3(15.5) Maces & Flails
 + Level 15.7 Armour
 + Level 14.2 Dodging
 - Level 5.9 Shields


You had 10 spell levels left.
You didn't know any spells.
Your spell library contained the following spells:

 Spells                   Type           Power      Damage    Failure   Level
 Magic Dart               Conj           0%         1d3       88%         1
 Searing Ray              Conj           0%         2d4       96%         2
 Fulminant Prism          Conj/Hex       0%         3d6       100%        4


Dungeon Overview and Level Annotations

Branches:
Dungeon (1/1)

Altars:
Ashenzari
Cheibriados
Dithmenos
Elyvilon
Fedhas
Gozag
Hepliaklqana
Kikubaaqudgha
Makhleb
Nemelex Xobeh
Okawaru
Qazlal
Ru
Sif Muna
Trog
Uskayaw
Vehumet
Wu Jian
Xom
Yredelemnul
Zin
The Shining One
Beogh
Jiyva
Lugonu

Shops:
D ![


Innate Abilities, Weirdness & Mutations

You have a pair of horns on your head.
You reflexively headbutt those who attack you in melee.


Message History

Your life force feels restored.
Unknown command.
Okay, then.
You feel much better. The bat zombie misses you. You furiously retaliate!
You headbutt the bat zombie. You block the bat zombie's attack.
The bat zombie barely misses you.
The soul eater hits you but does no damage.
The ice dragon misses you.
The ice dragon claws you but does no damage.
The ice dragon closely misses you. The bat zombie barely misses you.
The white ugly thing tail-slaps you. The white ugly thing freezes you!!
* * * LOW HITPOINT WARNING * * *
You block the soul eater's attack. The ice dragon closely misses you.
The ice dragon completely misses you. The ice dragon barely misses you.
Unknown command.
Blink to where?
Press: ? - help, Dir - move target
As you read the scroll of blinking, it crumbles to dust.
The bat zombie is distracted by your dazzling golden aura.
You feel much better.
The azure jelly hits you but does no damage. x2
The azure jelly closely misses you. The azure jelly misses you.
Unknown command.
The azure jelly barely misses you. The azure jelly hits you.
* * * LOW HITPOINT WARNING * * *
The azure jelly freezes you!!
* * * LOW HITPOINT WARNING * * *
The azure jelly barely misses you.
The azure jelly hits you but does no damage.
Unknown command.
The bat zombie is no longer distracted by gold.
The azure jelly misses you. The azure jelly closely misses you.
The azure jelly hits you but does no damage.
You block the azure jelly's attack.
Unknown command.
You feel much better. The azure jelly hits you.
* * * LOW HITPOINT WARNING * * *
The azure jelly freezes you!!!
You die...
Your body crumbles into a pile of gold.

$ #..........+ $
###''####''#
###'$####''#######
#......##.........
#.#$##.##...).....
#.#3}+.##..####### #GD))#
##..# #J#)=+ #..#
###++###########@+:}# #..#
..........##..##.##+# #))#
#..#......##..##.. #))#
..........''..##### #..#
..........''..##########.)#
#..#......##..............#
).........##..............#
###''######################
.##''##############
#############


You could see an ice dragon, an azure jelly, a soul eater and an eye of
devastation.

Vanquished Creatures
  Harold (D)
  A two-headed ogre (D)
  A centaur warrior (D)
  A sixfirhy (D)
  A shadow wraith (D)
  2 swamp dragons (D)
  A wolf spider (D)
  A deep elf pyromancer (D)
  An elephant (D)
  A naga mage (D)
  A black mamba (D)
  A guardian serpent (D)
  A cane toad (D)
  2 kobold demonologists (D)
  2 rime drakes (D)
  An unseen horror (D)
  An ice devil (D)
  2 demonic crawlers (D)
  A red devil (D)
  2 polar bears (D)
  2 hornets (D)
  A tarantella (D)
  2 tyrant leeches (D)
  Sigmund (D)
  A wraith (D)
  2 spriggans (D)
  A shadow (D)
  9 yaks (D)
  2 basilisks (D)
  A redback (D)
  3 nagas (D)
  A floating eye (D)
  An ice beast (D)
  3 necrophages (D)
  A wolf (D)
  2 centaurs (D)
  A kobold brigand (D)
  A gnoll sergeant (D)
  An earth elemental (D)
  A scorpion (D)
  6 killer bees (D)
  A crimson imp (D)
  An orc priest (D)
  A jelly (D)
  An iron imp (D)
  2 iguanas (D)
  3 orc wizards (D)
  A hell rat (D)
  6 gnolls (D)
  2 adders (D)
  2 river rats (D)
  2 ufetubi (D)
  2 worms (D)
  4 orcs (D)
  A bat (D)
  2 endoplasms (D)
  A giant cockroach (D)
  2 quokkas (D)
  2 ball python skeletons (D)
  4 kobolds (D)
108 creatures vanquished.

Notes
Turn   | Place    | Note
-------+----------+-------------------------------------------
     0 | D        | rocky1 the Minotaur Fighter began the quest for the Orb.
     0 | D        | Reached XP level 1. HP: 19/19 MP: 0/0
    11 | D        | Noticed a floating eye
    14 | D        | Paralysed by a floating eye for 4 turns
    18 | D        | Killed a floating eye
    19 | D        | Reached skill level 5 in Fighting
    19 | D        | Reached skill level 5 in Long Blades
    19 | D        | Reached skill level 5 in Armour
    19 | D        | Reached skill level 5 in Shields
    19 | D        | Reached XP level 2. HP: 30/30 MP: 1/1
    19 | D        | Reached XP level 3. HP: 37/37 MP: 2/2
    19 | D        | Reached XP level 4. HP: 44/44 MP: 3/3
    45 | D        | Found a bloodstained altar of Trog.
    45 | D        | Found a shimmering blue altar of Sif Muna.
    45 | D        | Found a viscous altar of Jiyva.
    45 | D        | Found a hazy altar of Hepliaklqana.
    45 | D        | Found an opulent altar of Gozag.
    46 | D        | Found a glowing golden altar of the Shining One.
    46 | D        | Found a glowing silver altar of Zin.
    46 | D        | Found a basalt altar of Yredelemnul.
    46 | D        | Found a shimmering altar of Xom.
    46 | D        | Found an ornate altar of the Wu Jian Council.
    46 | D        | Found a sacrificial altar of Ru.
    46 | D        | Found a stormy altar of Qazlal.
    46 | D        | Found an iron altar of Okawaru.
    46 | D        | Found a sparkling altar of Nemelex Xobeh.
    46 | D        | Found a burning altar of Makhleb.
    46 | D        | Found a blossoming altar of Fedhas.
    46 | D        | Found a white marble altar of Elyvilon.
    46 | D        | Found a shadowy altar of Dithmenos.
    46 | D        | Found a snail-covered altar of Cheibriados.
    50 | D        | Found a corrupted altar of Lugonu.
    50 | D        | Found a radiant altar of Vehumet.
    51 | D        | Found a broken altar of Ashenzari.
    51 | D        | Found an ancient bone altar of Kikubaaqudgha.
    51 | D        | Found a hide-covered altar of Uskayaw.
    53 | D        | Became a worshipper of Gozag Ym Sagoz the Greedy
    74 | D        | Reached skill level 6 in Long Blades
    90 | D        | Reached skill level 7 in Long Blades
   178 | D        | Noticed an ice beast
   190 | D        | Killed an ice beast
   191 | D        | Reached skill level 10 in Long Blades
   191 | D        | Reached XP level 5. HP: 27/50 MP: 4/4
   347 | D        | Noticed a centaur
   359 | D        | Reached skill level 12 in Long Blades
   359 | D        | Reached XP level 6. HP: 57/57 MP: 5/5
   360 | D        | Reached skill level 13 in Long Blades
   376 | D        | Reached skill level 14 in Long Blades
   386 | D        | Reached skill level 15 in Long Blades
   416 | D        | Noticed Sigmund
   428 | D        | Killed Sigmund
   429 | D        | Reached skill level 5 in Dodging
   429 | D        | Reached XP level 7. HP: 56/66 MP: 6/6
   665 | D        | Noticed a redback
   671 | D        | Killed a redback
   672 | D        | Reached XP level 8. HP: 51/77 MP: 7/7
   880 | D        | Noticed a demonic crawler
   895 | D        | Killed a demonic crawler
   903 | D        | Noticed a demonic crawler
   917 | D        | Killed a demonic crawler
   918 | D        | Reached skill level 10 in Armour
  1222 | D        | Noticed a polar bear
  1227 | D        | Killed a polar bear
  1228 | D        | Reached skill level 5 in Axes
  1228 | D        | Reached skill level 5 in Maces & Flails
  1228 | D        | Reached XP level 9. HP: 82/82 MP: 8/8
  1255 | D        | Bought a potion of mutation for 112 gold pieces
  1255 | D        | Bought a potion of curing for 42 gold pieces
  1255 | D        | Bought a potion of berserk rage for 70 gold pieces
  1255 | D        | Bought 2 potions of mutation for 224 gold pieces
  1255 | D        | Bought a potion of attraction for 42 gold pieces
  1291 | D        | Reached skill level 16 in Long Blades
  1467 | D        | Noticed a two-headed ogre
  1472 | D        | Killed a two-headed ogre
  1473 | D        | Reached skill level 10 in Fighting
  1479 | D        | Noticed a rime drake
  1487 | D        | Killed a rime drake
  1528 | D        | Noticed a naga mage
  1529 | D        | Noticed Harold
  1542 | D        | Killed a naga mage
  1543 | D        | Reached skill level 10 in Dodging
  1559 | D        | Killed Harold
  1560 | D        | Reached XP level 10. HP: 51/95 MP: 9/9
  1766 | D        | Noticed an elephant
  1770 | D        | Noticed a swamp dragon
  1785 | D        | Killed an elephant
  1793 | D        | HP: 3/97 [swamp dragon (6)]
  1795 | D        | Killed a swamp dragon
  1986 | D        | Noticed a cane toad
  1988 | D        | Noticed a black mamba
  2001 | D        | Killed a black mamba
  2005 | D        | Killed a cane toad
  2026 | D        | Reached skill level 10 in Axes
  2026 | D        | Reached skill level 10 in Maces & Flails
  2342 | D        | Reached XP level 11. HP: 90/106 MP: 10/10
  2383 | D        | Noticed a swamp dragon
  2565 | D        | Killed a swamp dragon
  2980 | D        | Bought a topaz-encrusted plate armour for 812 gold pieces
  2980 | D        | Identified the +0 plate armour of Wuett {*Corrode rF+
                  | Slay+3} (You bought it in a shop in the Dungeon)
  2980 | D        | Bought a translucent scale mail for 261 gold pieces
  2980 | D        | Identified the +0 scale mail of Midwinter {rElec} (You
                  | bought it in a shop in the Dungeon)
  2980 | D        | Bought a polished plate armour for 812 gold pieces
  2980 | D        | Identified the +8 plate armour "Zufru" {Harm Int-3 Stlth+}
                  | (You bought it in a shop in the Dungeon)
  3052 | D        | Noticed a centaur warrior
  3060 | D        | Killed a centaur warrior
  3099 | D        | Noticed a deep elf pyromancer
  3113 | D        | Killed a deep elf pyromancer
  3114 | D        | Reached skill level 15 in Armour
  3189 | D        | Noticed a wolf spider
  3196 | D        | Killed a wolf spider
  3216 | D        | Noticed a sixfirhy
  3216 | D        | Noticed a spriggan rider
  3219 | D        | Killed a sixfirhy
  3226 | D        | Killed a spriggan rider
  3240 | D        | Killed a shadow wraith
  3241 | D        | Reached skill level 15 in Fighting
  3515 | D        | Noticed a soul eater
  3515 | D        | Noticed an ice dragon
  3515 | D        | Noticed an azure jelly
  3515 | D        | Noticed a white ugly thing
  3526 | D        | Demolished by an azure jelly

Illustrated notes

Levels and vault maps discovered:
D:        pitsprint [storerooms_1, entrance_room_1, metal_vault_6, armoury_1,
          mini_pit_1, grid_room_1, main_hall_1, silver_pit, the_coven_1,
          the_vestibule_1, steel_vault_3, golden_pit, hallway_of_sentries,
          crystal_vault_3, iron_vault_4, final_vault]

Skill      XL: |  1  2  3  4  5  6  7  8  9 10 11 |
---------------+----------------------------------+-----
Fighting       | 5 7 8 11 12 15 | 15.1
Long Blades    | 5 10 12 15 16 | 16.9
Armour         | 5 7 8 10 12 13 15 | 15.7
Dodging        | 4 5 7 8 10 12 14 | 14.2
Shields        | 5 |  5.9
Axes           | 5 8 10 13 | 13.3
Maces & Flails | 5 8 10 13 | 13.3

Action                   |  1- 3 |  4- 6 |  7- 9 | 10-12 || total
-------------------------+-------+-------+-------+-------++-------
Melee: Long sword        |     3 |    60 |    30 |       ||    93
       Headbutt          |       |     5 |    24 |    44 ||    73
       Scimitar          |       |       |    73 |   181 ||   254
       War axe           |       |       |       |    10 ||    10
Invok: Call Merchant     |       |       |     1 |     1 ||     2
  Use: Potion            |       |       |       |    12 ||    12
       Scroll            |       |       |       |     1 ||     1
 Stab: Distracted        |       |       |     2 |     4 ||     6
Armor: Scale mail        |       |    15 |       |       ||    15
       Plate armour      |       |     5 |    11 |       ||    16
       Chain mail        |       |       |    29 |    82 ||   111
Dodge: Dodged            |       |    11 |    37 |    94 ||   142
Block: Buckler           |       |    18 |    17 |    42 ||    77

Table legend: (Time is in decaauts)
 A = Elapsed time spent in this place.
 B = Non-inter-level travel time spent in this place.
 C = Inter-level travel time spent in this place.
 D = Time resting spent in this place.
 E = Time spent auto-exploring this place.
 F = Levels seen in this place.
 G = Mean time per level.
                   A        B        C        D        E       F      G
               +--------+--------+--------+--------+--------+-----+--------+
         Total |   3466 |   3395 |     71 |   2053 |      0 |   1 | 3466.0 |
       Dungeon |   3466 |   3395 |     71 |   2053 |      0 |   1 | 3466.0 |
               +--------+--------+--------+--------+--------+-----+--------+

Top non-repeatable levels by time:
       D: 3466 daAuts
